 Dungeon Crawl Stone Soup version 0.17-a0-1399-gd5b76e1 (webtiles) character file.

8812 inmateoo the Grappler (level 11, 0/104 HPs)
             Began as a Troll Assassin on June 19, 2015.
             Was a High Priest of Makhleb.
             Succumbed to MordorOrchid's ghost's poison
             ... on level 11 of the Dungeon.
             The game lasted 00:23:25 (10190 turns).

inmateoo the Grappler (Troll Assassin)             Turns: 10190, Time: 00:23:26

Health: 0/104      AC:  9    Str: 24    XL:     11   Next: 14%
Magic:  12/14      EV: 11    Int:  7    God:    Makhleb [*****.]
Gold:   466        SH:  0    Dex: 11    Spells: 1 memorised, 13 levels left

rFire  + . .     SeeInvis .       - Unarmed
rCold  + . .     Clarity  .     L - +0 robe {rC+ rF+}
rNeg   . . .     SustAt   .     (no shield)
rPois  .         Gourm    +     t - +2 hat
rElec  .         Spirit   .     d - +1 cloak
rCorr  .         Warding  .     (gloves unavailable)
rMut   .         Stasis   .     (boots unavailable)
MR     .....                    (no amulet)
Stlth  ++........               (no ring)
                                (no ring)

@: lethally poisoned (0 -> -2), not resistant to hostile enchantments,
unstealthy
A: unfitting armour, claws 3, fast metabolism 3, gourmand, regeneration 2,
shaggy fur 1, tough skin 2
a: Minor Destruction, Lesser Servant of Makhleb, Major Destruction, Greater
Servant of Makhleb, Renounce Religion


You were on level 11 of the Dungeon.
You worshipped Makhleb.
Makhleb was extremely pleased with you.
You were completely stuffed.

You visited 2 branches of the dungeon, and saw 12 of its levels.
You also visited: Sewer.

You collected 578 gold pieces.
You spent 112 gold pieces at shops.

Inventory:

Hand weapons
 b - a +4 blowgun
Missiles
 e - 41 poisoned needles
 f - 9 curare-tipped needles
Armour
 d - a +1 cloak (worn)
 t - a +2 hat (worn)
 K - a +2 robe of magic resistance
 L - a +0 robe of resistance (worn)
Magical staves
 C - an uncursed staff of conjuration
Jewellery
 G - an uncursed ring of flight
Magical devices
 m - a wand of polymorph (21)
 n - a wand of random effects (22)
 v - a wand of teleportation (5)
 y - a wand of polymorph (11)
 B - a wand of flame (22)
 F - a wand of frost (40)
 H - a wand of paralysis (1)
 J - a wand of random effects (24)
 N - a wand of polymorph (13)
 S - a wand of enslavement (5)
 T - a wand of digging (11)
 U - a wand of frost (28)
Scrolls
 a - a scroll of fog
 c - 4 scrolls of teleportation
 q - 3 scrolls of remove curse
 s - 3 scrolls of fear
 w - a scroll of amnesia
 I - a scroll of recharging
 R - a scroll of identify
Potions
 i - 2 potions of cancellation
 r - a potion of invisibility
 u - 3 potions of magic
 z - a potion of haste
 V - a potion of cure mutation
Books
 h - a book of Party Tricks

   Spells                             Type                      Level
   a - Summon Butterflies             Summoning                    1
   b - Apportation                    Translocation                1
   c - Tukima's Dance                 Hexes                        3
   d - Alistair's Intoxication        Transmutation/Poison         4
   e - Invisibility                   Hexes                        6
 j - a book of Transfigurations

   Spells                             Type                      Level
   a - Stoneskin                      Transmutation/Earth          2
   b - Irradiate                      Conjuration/Transmutation    5
   c - Statue Form                    Transmutation/Earth          6
   d - Hydra Form                     Transmutation                6
   e - Dragon Form                    Transmutation                7
 p - a book of Cantrips

   Spells                             Type                      Level
   a - Corona                         Hexes                        1
   b - Animate Skeleton               Necromancy                   1
   c - Summon Small Mammal            Summoning                    1
   d - Apportation                    Translocation                1
 E - a book of Dreams

   Spells                             Type                      Level
   a - Ensorcelled Hibernation        Hexes/Ice                    2
   b - Phase Shift                    Translocation                5
   c - Shadow Creatures               Summoning                    5
   d - Silence                        Hexes/Air                    5
   e - Mass Confusion                 Hexes                        6
   f - Darkness                       Hexes                        7
Comestibles
 g - 8 bread rations
 k - 7 fruits
 o - 8 beef jerkies
 x - 8 meat rations
 D - 11 royal jellies


   Skills:
 + Level 5.5 Fighting
   Level 1.5 Short Blades
 + Level 5.4 Throwing
 + Level 5.0 Dodging
 + Level 4.9 Stealth
 * Level 9.0 Unarmed Combat
 + Level 2.7 Spellcasting
 + Level 3.4 Transmutations
 + Level 4.7 Earth Magic


You had 13 spell levels left.
You knew the following spells:

 Your Spells              Type           Power        Failure   Level  Hunger
a - Stoneskin             Trmt/Erth      #.......     12%         2    ###....


Dungeon Overview and Level Annotations

Branches:
Dungeon (11/15)            Temple (1/1) D:6            Lair (0/8) D:10
    Orc (0/4) D:11

Altars:
Ashenzari
Dithmenos
Fedhas
Gozag
Kikubaaqudgha
Makhleb
Nemelex Xobeh
Okawaru
Qazlal
Ru
Sif Muna
Trog
Vehumet
Xom
Yredelemnul
Zin
The Shining One

Shops:
D:9 ![:?%

Annotations:
D:11 Harold


Innate Abilities, Weirdness & Mutations

You are too large for most types of armour.
You have claws for hands.
Your metabolism is lightning-fast.
You like to eat raw meat.
You heal very quickly.
You are covered in fur (AC +1).
You have very tough skin (AC +2).


Message History

You feel sick.
* * * LOW HITPOINT WARNING * * *
You feel sick.
Unknown command.
* * * LOW HITPOINT WARNING * * *
You feel sick.
Found a stone staircase leading up.
You see here a scroll of magic mapping.
Unknown command.
Read which item? (? for menu, Esc to quit)
Okay, then.
Drink which item? (? for menu, Esc to quit)
Your magical effects are unravelling.
You feel magically purged.
Your resistance to elements expires.
Your skin feels tender.
You feel a little less mighty now.
You feel a little less agile now.
* * * LOW HITPOINT WARNING * * *
You feel sick.
There is a lethal amount of poison in your body!
You die...

.. ##.## #...# #####
#...# ##..@#### #...#
#.......#
#####...####....#....#
.#............#.##<.###
.......<........# ...
#.[..........### .###
###.#...#.##"# # #
#...#.##... #
#...#.#######.#


There were no monsters in sight!

Vanquished Creatures
  Erica (D:8)
  The ghost of MordorOrchid the Unseen, a powerful SpEn of Vehumet (D:11)
  Pikel (D:8)
  The ghost of bal the Sneak, an experienced VSMo of Qazlal (D:7)
  Psyche (D:8)
  2 trolls
  2 two-headed ogres (D:8)
  A wyvern (D:9)
  A mottled dragon (D:10)
  A wolf (D:8)
  A black bear (D:9)
  3 water moccasins
  2 soldier ants (D:9)
  4 ice beasts
  A spider (D:9)
  3 orc warriors
  2 ogres
  A necrophage (D:9)
  18 big kobolds
  A phantom (D:6)
  A crocodile (D:10)
  2 centaurs
  4 giant frogs
  2 water moccasin zombies
  3 scorpions
  6 killer bees (D:8)
  3 crimson imps
  A jelly (D:9)
  4 hounds
  A centaur skeleton (D:6)
  6 iguanas
  6 orc priests
  A giant frog skeleton (D:9)
  2 orc wizards (D:8)
  6 worker ants
  A wasp simulacrum (D:8)
  A hound skeleton (D:10)
  Robin (D:2)
  7 gnolls
  A river rat (D:3)
  15 adders
  A worker ant simulacrum (D:8)
  4 oozes
  An ufetubus (D:8)
  An adder zombie (D:10)
  5 worms
  An adder simulacrum (D:8)
  6 giant geckos
  22 orcs
  10 bats
  3 bat skeletons
  20 goblins
  23 hobgoblins
  14 jackals
  4 quokkas
  6 ball pythons (Sewer)
  6 giant cockroaches
  3 giant newts
  30 kobolds
  19 rats
301 creatures vanquished.

Vanquished Creatures (others)
  A slave (D:8)
  An ice beast (D:8)
  A big kobold (D:8)
  A giant frog skeleton (D:8)
  An orc (D:8)
  3 kobolds (D:8)
  A bat (D:8)
9 creatures vanquished.

Grand Total: 310 creatures vanquished

Notes
Turn   | Place    | Note
--------------------------------------------------------------
     0 | D:1      | inmateoo the Troll Assassin began the quest for the Orb.
     0 | D:1      | Reached XP level 1. HP: 19/19 MP: 0/0
    76 | D:1      | Reached skill level 1 in Unarmed Combat
    76 | D:1      | Reached XP level 2. HP: 21/28 MP: 1/1
   487 | D:1      | Reached XP level 3. HP: 35/35 MP: 2/2
   990 | D:2      | Reached skill level 1 in Dodging
  1083 | D:2      | Found an opulent altar of Gozag.
  1084 | D:2      | Found a stormy altar of Qazlal.
  1211 | D:2      | Noticed Robin
  1242 | D:2      | Killed Robin
  1242 | D:2      | Reached XP level 4. HP: 38/42 MP: 3/3
  1789 | D:3      | Found a glowing drain.
  1805 | Sewer    | Entered a sewer
  1960 | Sewer    | Reached skill level 3 in Unarmed Combat
  2003 | Sewer    | Noticed a big kobold
  2010 | Sewer    | Reached XP level 5. HP: 49/49 MP: 4/4
  2033 | Sewer    | Killed a big kobold
  2248 | Sewer    | Noticed a big kobold
  2248 | Sewer    | Noticed a big kobold
  2263 | Sewer    | Killed a big kobold
  2263 | Sewer    | Reached XP level 6. HP: 59/59 MP: 5/5
  2269 | Sewer    | Killed a big kobold
  2269 | Sewer    | Reached skill level 4 in Unarmed Combat
  3578 | D:4      | Got a shimmering robe
  3596 | D:4      | Identified the +2 robe "Asul Wali" {Str+3} (You found it on level 4 of the Dungeon)
  4008 | D:5      | Entered Level 5 of the Dungeon
  4056 | D:5      | Reached XP level 7. HP: 67/67 MP: 6/6
  4303 | D:5      | Found a shadowy altar of Dithmenos.
  4337 | D:5      | Reached skill level 5 in Unarmed Combat
  4863 | D:6      | Reached XP level 8. HP: 66/78 MP: 7/7
  4947 | D:6      | Found a staircase to the Ecumenical Temple.
  4976 | Temple   | Entered the Ecumenical Temple
  4996 | Temple   | Became a worshipper of Makhleb the Destroyer
  5004 | Temple   | Learned a level 2 spell: Stoneskin
  5214 | D:6      | Found a bloodstained altar of Trog.
  5364 | D:6      | Reached skill level 1 in Earth Magic
  5416 | D:7      | Noticed bal's ghost (experienced VSMo)
  5471 | D:8      | Acquired Makhleb's first power
  5834 | D:7      | Killed bal's ghost
  5834 | D:7      | Reached skill level 6 in Unarmed Combat
  5834 | D:7      | Reached skill level 1 in Spellcasting
  5834 | D:7      | Reached skill level 1 in Transmutations
  6079 | D:7      | Reached XP level 9. HP: 80/84 MP: 9/9
  6614 | D:8      | Noticed Erica
  6614 | D:8      | Noticed a two-headed ogre
  6628 | D:8      | Killed Erica
  6628 | D:8      | Reached skill level 7 in Unarmed Combat
  6643 | D:8      | Killed a two-headed ogre
  6649 | D:8      | Noticed Pikel
  6659 | D:8      | Killed Pikel
  6666 | D:8      | Acquired Makhleb's second power
  6882 | D:8      | Noticed Psyche
  6896 | D:8      | Killed Psyche
  6896 | D:8      | Reached XP level 10. HP: 69/94 MP: 11/11
  7111 | D:8      | Reached skill level 5 in Fighting
  7201 | D:8      | Reached skill level 8 in Unarmed Combat
  7253 | D:8      | Acquired Makhleb's third power
  7618 | D:8      | Noticed a two-headed ogre
  7622 | D:8      | Killed a two-headed ogre
  7848 | D:9      | Reached skill level 5 in Throwing
  7931 | D:9      | Found Sisyf's Distillery.
  7948 | D:9      | Bought a potion of might for 64 gold pieces
  7948 | D:9      | Bought a potion of lignification for 48 gold pieces
  7986 | D:9      | Found Nebli's Antique Armour Shop.
  7989 | D:9      | Found Wabetutt's Book Emporium.
  8198 | D:9      | Found Xeovinn's Magic Scroll Shoppe.
  8258 | D:9      | Found Jasuow's Food Boutique.
  8329 | D:9      | Acquired Makhleb's fourth power
  8696 | D:10     | Entered Level 10 of the Dungeon
  8909 | D:10     | Found a stormy altar of Qazlal.
  9149 | D:10     | Found a staircase to the Lair.
  9171 | D:10     | Reached XP level 11. HP: 33/104 MP: 13/13
  9744 | D:10     | Reached skill level 5 in Dodging
  9836 | D:10     | Acquired Makhleb's fifth power
  9966 | D:11     | Found a basalt altar of Yredelemnul.
  9972 | D:11     | Found a staircase to the Orcish Mines.
 10069 | D:11     | Noticed Harold
 10088 | D:11     | Noticed MordorOrchid's ghost (powerful SpEn)
 10173 | D:11     | Killed MordorOrchid's ghost
 10173 | D:11     | Reached skill level 9 in Unarmed Combat
 10184 | D:11     | HP: 4/104 [poisoned by MordorOrchid's ghost]
 10188 | D:11     | HP: 1/104 [poisoned by MordorOrchid's ghost]
 10190 | D:11     | Succumbed to MordorOrchid's ghost's poison

Vault maps used:
D:1:      sevenhm_arrival_forest_fort_small_3
D:2:      gammafunk_temple_overflow_statue, uniq_robin
D:3:      first_bread, portal_sewer_entry_b
D:5:      minmay_misc_feat_plants, hangedman_decor_opposing,
          nicolae_dithmenos_shadow_blocks
D:6:      minmay_temple_entry_trees, basic_altar, minmay_item_behind_shaft
D:8:      serial_ice, serial_ice_e, serial_ice_a, serial_ice_h, serial_ice_d,
          special_room, uniq_pikel, uniq_erica, uniq_psyche
D:9:      serial_shops, shop, shop, shop, shop, shop, hangedman_pestilent_swarm
D:10:     erik_lair_dragon, hex_medium, minmay_misc_feat_square,
          nicolae_qazlal_style_of_elements
D:11:     orc_0_dummy, enter_bailey_3, lemuel_statue_altar, uniq_harold
Temple:   nicolae_temple_x_marks_the_god_16
Sewer:    sewer_co_tree

Action                   |  1- 3 |  4- 6 |  7- 9 | 10-12 || total
-------------------------+-------+-------+-------+-------++-------
Melee: Unarmed           |   107 |   198 |   262 |   494 ||  1061
 Fire: Blowgun           |     2 |       |     4 |       ||     6
 Cast: Stoneskin         |       |       |       |     2 ||     2
Evoke: Wand              |       |     1 |       |       ||     1
  Use: Scroll            |     4 |    12 |     5 |     3 ||    24
       Potion            |       |       |     7 |    11 ||    18
 Stab: Sleeping          |     3 |     2 |     7 |     5 ||    17
       Distracted        |       |       |     1 |       ||     1
  Eat: Chunk             |    17 |    25 |    26 |    25 ||    93
       Meat ration       |       |       |       |     1 ||     1
       Royal jelly       |       |       |       |     1 ||     1
       Pizza             |       |       |       |     1 ||     1
